 Dungeon Crawl Stone Soup version 0.27.0-1-g7a089689b8 (webtiles) character file.

Game seed: 4940669419252853191

1406 Delamore the Cutter (level 8, -24/55 HPs)
             Began as an Octopode Brigand on Aug 8, 2021.
             Was an Initiate of Gozag.
             Annihilated by a two-headed ogre (31 damage)
             ... on level 6 of the Dungeon.
             The game lasted 00:06:47 (6495 turns).

Delamore the Cutter (Octopode Brigand)              Turns: 6495, Time: 00:06:47

Health: -24/55     AC:  5    Str: 23    XL:     8   Next: 70%
Magic:  8/8        EV: 16    Int: 13    God:    Gozag
Gold:   462        SH:  0    Dex: 15    Spells: 7/7 levels left

rFire    . . .     SeeInvis +   a - +3 dagger
rCold    . . .     Faith    .   (no shield)
rNeg     . . .     Spirit   .   (helmet restricted)
rPois    .         Reflect  .   (no amulet)
rElec    .         Harm     .   f - ring of see invisible
rCorr    .         Rampage  .   d - +4 ring of protection
Will     .....                  r - +6 ring of strength
Stlth    ++++......             t - +6 ring of strength
HPRegen  0.18/turn              (no ring)
MPRegen  0.11/turn              (no ring)
                                (no ring)
                                (no ring)

@: no status effects
A: almost no armour, amphibious, 8 rings, camouflage 1, gelatinous body 1,
(nimble swimmer 1), tentacles
a: Renounce Religion, Potion Petition, Call Merchant, Bribe Branch


You were on level 6 of the Dungeon.
You worshipped Gozag.
Gozag was aware of your devotion.
You visited 2 branches of the dungeon, and saw 7 of its levels.

You collected 503 gold pieces.
You paid 41 gold pieces to Gozag.

Inventory:

Hand Weapons
 a - a +3 dagger (weapon)
Missiles
 g - 7 boomerangs (quivered)
 x - 2 poisoned darts
Armour
 e - a +0 kite shield
Jewellery
 d - a +4 ring of protection (right tentacle)
 f - a ring of see invisible (left tentacle)
 r - a +6 ring of strength (on tentacle)
 t - a +6 ring of strength (on tentacle)
Wands
 i - a wand of flame (27)
Scrolls
 l - a scroll of enchant armour
 o - a scroll of fog
 q - a scroll of noise
 s - a scroll of teleportation
 w - a scroll of enchant weapon
Potions
 c - 3 potions of curing
 h - a potion of flight {unknown}
 j - a potion of resistance {unknown}
 k - a potion of heal wounds
 m - 2 potions of attraction {unknown}
 n - a potion of might {unknown}
 p - a potion of invisibility {unknown}
 u - 2 potions of haste {unknown}
 v - a potion of brilliance {unknown}


   Skills:
 - Level 5.0 Fighting
 * Level 7.0 Short Blades
 - Level 2.0 Throwing
 * Level 6.4 Dodging
 - Level 5.3 Stealth


You had 7 spell levels left.
You didn't know any spells.
Your spell library contained the following spells:

 Spells                   Type           Power      Damage    Failure   Level
 Beastly Appendage        Tmut           0%         N/A       30%         1
 Wereblood                Tmut           0%         N/A       43%         2
 Spider Form              Tmut/Pois      0%         N/A       67%         3


Dungeon Overview and Level Annotations

Branches:
Dungeon (6/15)             Temple (1/1) D:4

Altars:
Fedhas
Gozag
Hepliaklqana
Kikubaaqudgha
Makhleb
Okawaru
Ru
Sif Muna
Wu Jian
Yredelemnul
The Shining One
Lugonu

Annotations:
D:6 4 runed translucent doors


Innate Abilities, Weirdness & Mutations

You cannot wear most types of armour.
You are amphibious.
You can wear up to eight rings at the same time.
Your skin changes colour to match your surroundings (Stealth+).
Your rubbery body absorbs attacks. (AC +1, EV +1)
((You are camouflaged near water. (Stealth+)))
You have tentacles for arms and can constrict up to eight enemies at once.


Message History

You throw a poisoned dart.
The poisoned dart hits the two-headed ogre.
The two-headed ogre is poisoned.
The two-headed ogre shouts in stereo!
You throw a poisoned dart.
The poisoned dart hits the two-headed ogre.
The two-headed ogre looks even sicker.
The two-headed ogre is lightly wounded.
You throw a poisoned dart.
The poisoned dart hits the two-headed ogre.
The two-headed ogre is lightly wounded.
You throw a poisoned dart.
The poisoned dart completely misses the two-headed ogre.
You hit the two-headed ogre. You squeeze the two-headed ogre!
The two-headed ogre is moderately wounded.
The two-headed ogre misses you. The two-headed ogre barely misses you.
You hit the two-headed ogre.
The two-headed ogre is moderately wounded.
You hit the two-headed ogre. You squeeze the two-headed ogre.
The two-headed ogre is heavily wounded.
The two-headed ogre hits you with a +0 giant club!!
Ouch! That really hurt!
The two-headed ogre barely misses you.
Throw: 3 darts (poison)
Press: ? - help, Q - select action, (/) - cycle Shift-Dir - straight line, f/p - two-headed ogre
Aim: a two-headed ogre, wielding a +0 giant club and a +0 giant spiked club (heavily wounded, poisoned, 76% to hit)
You throw a poisoned dart.
The poisoned dart barely misses the two-headed ogre.
The two-headed ogre looks more healthy.
Throw: throwing net
Press: ? - help, Q - select action, (/) - cycle Shift-Dir - straight line, f/p - two-headed ogre
Aim: a two-headed ogre, wielding a +0 giant club and a +0 giant spiked club (heavily wounded, 76% to hit)
You throw a throwing net.
The throwing net barely misses the two-headed ogre.
The two-headed ogre hits you with a +0 giant club!!
* * * LOW HITPOINT WARNING * * *
The two-headed ogre hits you with a +0 giant spiked club!!
Ouch! That really hurt!
You die...
Your body crumbles into a pile of gold.

#.# #.###
#.........#######.#
#.#######.#
#.##..............#
#......##.#
#.........#########
######.##.#
####.#.#### #.##.#
#.#.# #.##.# #...#
#.##.## ###.####
#.##.)#########....#
#.###......@O.(###.##
#.###.########.##...##
#......# #.......#
#####..# ####....#
#..# ##.#.# #..#
#.#.## #. #..# #.#..#
#.# #..# #.##.# #.#
#..# #.##.# #.#


You could see a two-headed ogre.

Vanquished Creatures
  A water moccasin (D:4)
  A sky beast (D:5)
  2 black bears
  A necrophage (D:6)
  An ogre (D:5)
  A phantom (D:4)
  A gnoll sergeant (D:6)
  A water moccasin zombie (D:5)
  A wight (D:4)
  2 centaur zombies
  A gnoll shaman (D:5)
  A hound (D:4)
  An orc priest (D:5)
  An iguana (D:4)
  An orc wizard (D:4)
  20 gnolls
  8 adders
  A shadow imp (D:5)
  A white imp (D:5)
  3 dart slugs
  11 orcs
  8 bats
  10 endoplasms
  6 giant cockroaches
  7 goblins
  12 hobgoblins
  11 jackals
  5 kobolds
  7 ball pythons
  2 frilled lizards
  6 rats
  A spectral goblin (D:5)
136 creatures vanquished.

Notes
Turn   | Place    | Note
-------+----------+-------------------------------------------
     0 | D:1      | Delamore the Octopode Brigand began the quest for the Orb.
     0 | D:1      | Reached XP level 1. HP: 14/14 MP: 1/1
   214 | D:1      | Reached XP level 2. HP: 19/19 MP: 2/2
   514 | D:1      | Reached XP level 3. HP: 25/25 MP: 3/3
   649 | D:1      | Found a faded altar of an unknown god.
  1031 | D:2      | Reached skill level 3 in Short Blades
  1179 | D:2      | Reached XP level 4. HP: 24/30 MP: 4/4
  2050 | D:3      | Reached XP level 5. HP: 17/36 MP: 5/5
  2629 | D:3      | Noticed a black bear
  2639 | D:3      | Killed a black bear
  2640 | D:3      | Reached skill level 4 in Short Blades
  2640 | D:3      | Reached XP level 6. HP: 38/42 MP: 6/6
  3148 | D:4      | Reached XP level 7. HP: 26/47 MP: 7/7
  3461 | D:4      | Reached skill level 5 in Short Blades
  3667 | D:4      | Found a staircase to the Ecumenical Temple.
  3683 | Temple   | Entered the Ecumenical Temple
  3699 | Temple   | Became a worshipper of Gozag Ym Sagoz the Greedy
  4191 | D:5      | Entered Level 5 of the Dungeon
  4194 | D:5      | Reached skill level 5 in Dodging
  4330 | D:5      | Found a hazy altar of Hepliaklqana.
  4674 | D:5      | Reached skill level 6 in Short Blades
  4674 | D:5      | Reached XP level 8. HP: 54/54 MP: 8/8
  4801 | D:5      | Found a blossoming altar of Fedhas.
  5848 | D:6      | Found a large runed translucent door.
  5848 | D:6      | Found a large runed translucent door.
  5848 | D:6      | Noticed a gargoyle
  5848 | D:6      | Noticed a yak
  5852 | D:6      | Found a large runed translucent door.
  5852 | D:6      | Found a large runed translucent door.
  6125 | D:6      | Reached skill level 5 in Fighting
  6142 | D:6      | Reached skill level 7 in Short Blades
  6409 | D:6      | Noticed a seven-headed hydra
  6469 | D:6      | Noticed a two-headed ogre
  6495 | D:6      | Annihilated by a two-headed ogre

Illustrated notes

Levels and vault maps discovered:
D:1:      dpeg_arrival_simpleton_c, layout_loops_ring,
          dreamdust_ecumenical_altar_statues, minmay_tree_intersection,
          serial_bayou_pond_b
D:2:      layout_loops_ring, minmay_pentomino_r4
D:3:      layout_basic
D:4:      wad_crossroads, layout_basic, temple_doors_e, st_stairs_3
D:5:      layout_loops_ring, fedhas_altar_1,
          nicolae_hepliaklqana_monster_ancestors, minmay_misc_feat_x
D:6:      layout_loops_ring, minmay_hollow_rounded_squares
Temple:   corrupted_temple

Skill      XL: |  1  2  3  4  5  6  7  8 |
---------------+-------------------------+-----
Short Blades   | 3 4 6 7 |  7.0
Dodging        | 2 3 4 5 6 |  6.4
Fighting       | 3 4 5 |  5.0
Throwing       | |  2.0
Stealth        | |  5.3

Action                   |  1- 3 |  4- 6 |  7- 9 || total
-------------------------+-------+-------+-------++-------
Melee: Dagger            |    82 |   100 |   156 ||   338
       Tentacles         |    13 |    19 |    48 ||    80
       Constrict         |    14 |    20 |    32 ||    66
Throw: Dart              |       |    29 |    36 ||    65
       Throwing net      |       |       |     2 ||     2
       Boomerang         |       |       |     2 ||     2
Evoke: Wand              |       |     4 |     3 ||     7
  Use: Scroll            |       |     4 |     5 ||     9
       Potion            |       |     1 |       ||     1
 Stab: Sleeping          |    14 |    11 |     8 ||    33
Armor: Skin              |    10 |    23 |    33 ||    66
Dodge: Dodged            |    44 |    64 |    81 ||   189
